 Dungeon Crawl Stone Soup version 0.18.1-5-g4a78601 (webtiles) character file.

11679 schegi the Blocker (level 11, -1/97 HPs)
             Began as a Minotaur Fighter on May 8, 2016.
             Was an Elder of Nemelex Xobeh.
             Slain by an 11-headed hydra (9 damage)
             ... on level 1 of the Lair of Beasts on May 10, 2016.
             The game lasted 01:49:40 (16660 turns).

schegi the Blocker (Minotaur Fighter)              Turns: 16660, Time: 01:49:44

Health: -1/97      AC: 20    Str: 22    XL:     11   Next: 52%
Magic:  12/12      EV:  8    Int:  5    God:    Nemelex Xobeh [****..]
Gold:   641        SH: 13    Dex: 12    Spells: 0 memorised, 10 levels left

rFire  + + .     SeeInvis .     J - +6 hand axe of Governance {speed, rF+}
rCold  . . .     Gourm    +     C - +2 plate armour
rNeg   . . .     Faith    .     c - +0 shield
rPois  .         Spirit   .     (helmet restricted)
rElec  .         Dismiss  .     (no cloak)
rCorr  .         Reflect  .     D - +0 pair of gloves
SustAt .         Harm     .     l - +0 pair of boots
MR     .....                    M - amulet of the gourmand
Stlth  ..........               (no ring)
                                u - ring of protection from fire

@: especially stealthy, marked, not resistant to hostile enchantments, extremely
unstealthy
A: retaliatory headbutt, horns 2, regeneration 1
a: Triple Draw, Deal Four, Renounce Religion


You were on level 1 of the Lair of Beasts.
You worshipped Nemelex Xobeh.
Nemelex Xobeh was greatly pleased with you.
You were full.

You visited 3 branches of the dungeon, and saw 12 of its levels.

You collected 641 gold pieces.

Inventory:

Hand Weapons
 a - a +1 long sword
 n - a +3 trident
 A - a +3 hunting sling
 E - a +0 quarterstaff of protection
 J - the +6 hand axe of Governance (weapon) {speed, rF+}
   (You found it on level 5 of the Dungeon)

   Attacks with this weapon are significantly faster.
   It protects you from fire.
 R - a +2 trident of freezing
 T - a +0 shortbow
Missiles
 e - 336 stones
 i - 241 arrows
 t - 49 poisoned needles (quivered)
 y - 73 bolts
 B - 2 throwing nets
 N - 17 sling bullets
 W - 6 javelins of returning
 Y - 7 poisoned javelins
Armour
 c - a +0 shield (worn)
 l - a +0 pair of boots (worn)
 C - a +2 plate armour (worn)
 D - a +0 pair of gloves (worn)
Jewellery
 u - a ring of protection from fire (left hand)
 M - an amulet of the gourmand (around neck)
Wands
 x - a wand of random effects (29/48)
 L - a wand of random effects (22/48)
 O - a wand of acid (5/15)
 S - a wand of iceblast (7/15)
Scrolls
 g - 3 scrolls of teleportation
 k - 3 scrolls of remove curse
 s - a scroll of amnesia
 w - 8 scrolls of immolation
 K - 2 scrolls of noise
 V - a scroll of fear
 X - a scroll of enchant weapon
 Z - 2 scrolls of magic mapping
Potions
 d - 2 potions of might
 f - a potion of invisibility
 h - a potion of mutation
 j - a potion of haste
 o - 2 potions of cancellation
 v - a potion of ambrosia
 G - 2 potions of brilliance
 I - 2 potions of lignification
 Q - a potion of resistance {unknown}
Miscellaneous
 b - a plain deck of escape
 p - a legendary deck of war
 q - a plain deck of destruction {drawn: 5}
 z - a plain deck of war {drawn: 3}
 F - a plain deck of destruction
 H - a legendary deck of war
 P - a plain deck of war
 U - a plain deck of war
Comestibles
 m - 2 royal jellies
 r - 7 bread rations


   Skills:
 + Level 9.2 Fighting
 + Level 6.3 Long Blades
 + Level 8.4 Axes
 + Level 11.3 Armour
 + Level 5.1 Dodging
 + Level 1.3 Stealth
 + Level 12.0 Shields
 + Level 3.0 Evocations


You had 10 spell levels left.
You didn't know any spells.

Dungeon Overview and Level Annotations

Branches:
Dungeon (10/15)            Temple (1/1) D:5            Lair (1/8) D:10
    Orc: D:9-12

Altars:
Ashenzari
Cheibriados
Dithmenos
Elyvilon
Fedhas
Gozag
Kikubaaqudgha
Makhleb
Nemelex Xobeh
Okawaru
Pakellas
Qazlal
Ru
Sif Muna
Trog
Vehumet
Xom
Yredelemnul
Zin
The Shining One

Shops:
D:6 [


Innate Abilities, Weirdness & Mutations

You reflexively headbutt those who attack you in melee.
You have a pair of horns on your head.
Your natural rate of healing is unusually fast.


Message History

You draw a card...
It is the Shadow.
You feel stealthy.
The 11-headed hydra bites you but does no damage. x2
The 11-headed hydra barely misses you. The 11-headed hydra bites you!
* * * LOW HITPOINT WARNING * * *
The 11-headed hydra completely misses you.
The 11-headed hydra bites you.
* * * LOW HITPOINT WARNING * * *
You block the 11-headed hydra's attack. x3
The 11-headed hydra bites you but does no damage.
The 11-headed hydra barely misses you.
Evoke which item? (* to show all) (? for menu, Esc to quit)
You draw a card...
It is Repulsiveness.
You block the 11-headed hydra's attack.
The 11-headed hydra bites you but does no damage.
You block the 11-headed hydra's attack. x3
The 11-headed hydra bites you but does no damage.
The 11-headed hydra bites you!
* * * LOW HITPOINT WARNING * * *
The 11-headed hydra barely misses you. The 11-headed hydra bites you!
You die...
Your body glows slightly and disappears.

##.....## #.#.# ##....#.#####..##
##....##.....#..#
#............##.##
####.............#..#
##.#.................### ###
.................u.....###.###
....................##.......####
................@..########.#....
....####........D..# ####.#.
.....####..........## ##..
......# #..........P# #...
.....## #..†.......P# #...
#....## #..†.......## #...
.#.#..# ##.%†.......## ##..
####### #...........# ##.
##........### ##


You could see a 11-headed hydra and a friendly red ugly thing.

Vanquished Creatures
  Urug (Lair:1)
  An unseen horror (Lair:1)
  A hill giant (D:10)
  Joseph (D:7)
  A spiny frog (Lair:1)
  2 gargoyles
  A komodo dragon (D:10)
  Grinder (D:3)
  A shadow (D:10)
  A spriggan (D:8)
  A wyvern (D:10)
  3 hippogriffs
  Grum (D:8)
  Eustachio (D:6)
  A porcupine (Lair:1)
  3 water moccasins
  A black bear (D:7)
  4 sky beasts
  4 phantoms
  4 ice beasts
  8 wolves
  4 centaurs
  8 ogres
  A crocodile (Lair:1)
  7 giant frogs
  13 big kobolds
  6 scorpions
  5 killer bees (D:9)
  6 wights
  4 crimson imps
  A centaur zombie (D:7)
  A giant frog zombie (D:8)
  2 jellies (D:10)
  A centaur skeleton (D:8)
  7 hounds
  3 orc priests
  8 orc wizards
  2 giant frog skeletons
  An iguana (D:9)
  8 worker ants
  A hound zombie (D:7)
  A hound skeleton (D:7)
  2 worker ant zombies
  A howler monkey zombie (D:5)
  A gnoll (D:4)
  A howler monkey skeleton (D:10)
  11 adders
  30 river rats (Lair:1)
  2 shadow imps
  7 oozes
  3 adder skeletons
  An adder zombie (D:6)
  4 worms
  A dart slug (D:1)
  9 giant geckos
  41 orcs
  10 giant cockroaches
  5 goblins
  7 hobgoblins
  6 jackals
  A quokka (D:4)
  12 bats
  A giant gecko skeleton (D:4)
  3 giant newts
  A jackal skeleton (D:4)
  26 kobolds
  2 quokka skeletons
  A quokka zombie (D:5)
  6 rats
  A bush (D:4)
  6 fungi (Lair:1)
  12 plants
346 creatures vanquished.

Vanquished Creatures (collateral kills)
  A wolf (D:8)
  2 centaurs (D:8)
  A jelly (D:8)
  2 worker ants
  An adder (D:4)
  A shadow imp (D:8)
  An ooze (D:3)
  An orc (D:8)
10 creatures vanquished.

Vanquished Creatures (others)
  A hill giant (D:7)
  A phantom (D:7)
  A centaur (D:7)
  An orc wizard (D:7)
  A worker ant (D:7)
  An adder (D:7)
  A giant gecko (D:7)
  A fungus (Lair:1)
  A plant (D:10)
9 creatures vanquished.

Grand Total: 365 creatures vanquished

Notes
Turn   | Place    | Note
--------------------------------------------------------------
     0 | D:1      | schegi the Minotaur Fighter began the quest for the Orb.
     0 | D:1      | Reached XP level 1. HP: 19/19 MP: 0/0
   114 | D:1      | Reached XP level 2. HP: 27/27 MP: 1/1
  1221 | D:1      | Reached skill level 4 in Shields
  1551 | D:1      | Reached XP level 3. HP: 31/34 MP: 2/2
  2555 | D:2      | Reached skill level 1 in Dodging
  2830 | D:2      | Reached XP level 4. HP: 33/41 MP: 3/3
  3715 | D:2      | Found a shattered altar of Ashenzari.
  3721 | D:2      | Became a worshipper of Ashenzari the Shackled
  3901 | D:3      | Noticed Grinder
  3927 | D:3      | Paralysed by Grinder for 3 turns
  3935 | D:3      | Killed Grinder
  3935 | D:3      | Reached skill level 5 in Armour
  3935 | D:3      | Reached XP level 5. HP: 40/47 MP: 4/4
  3935 | D:3      | Reached XP level 6. HP: 45/53 MP: 5/5
  4227 | D:3      | Reached skill level 5 in Shields
  4429 | D:3      | Found a sparkling altar of Nemelex Xobeh.
  4470 | D:3      | Fell from the grace of Ashenzari
  4470 | D:3      | Became a worshipper of Nemelex Xobeh the Trickster
  4629 | D:3      | Received a gift from Nemelex Xobeh
  4971 | D:4      | Found a basalt altar of Yredelemnul.
  5189 | D:4      | Reached XP level 7. HP: 54/60 MP: 6/6
  5202 | D:4      | Reached skill level 1 in Evocations
  5291 | D:4      | Received a gift from Nemelex Xobeh
  5561 | D:4      | Reached skill level 5 in Fighting
  5561 | D:4      | Reached skill level 6 in Shields
  5722 | D:4      | Was forgiven by Ashenzari
  5748 | D:4      | Found a blossoming altar of Fedhas.
  6493 | D:4      | Found a deep blue altar of Sif Muna.
  6494 | D:4      | Reached * piety under Nemelex Xobeh
  6687 | D:4      | Found a sacrificial altar of Ru.
  6687 | D:4      | Found a white marble altar of Elyvilon.
  6687 | D:4      | Found a stormy altar of Qazlal.
  7809 | D:5      | Entered Level 5 of the Dungeon
  7809 | D:5      | Received a gift from Nemelex Xobeh
  7832 | D:5      | Upgraded the game from 0.18.1-2-ga659475 to 0.18.1-5-g4a78601
  7976 | D:5      | Reached XP level 8. HP: 55/69 MP: 8/8
  8056 | D:5      | Reached skill level 5 in Long Blades
  8135 | D:5      | Noticed a gargoyle
  8154 | D:5      | Killed a gargoyle
  8154 | D:5      | Reached skill level 7 in Shields
  8163 | D:5      | Got an ichor-stained hand axe
  8179 | D:5      | Identified the +6 hand axe of Governance {speed, rF+} (You found it on level 5 of the Dungeon)
  8236 | D:5      | Found an opulent altar of Gozag.
  8253 | D:5      | Received a gift from Nemelex Xobeh
  8365 | D:5      | Noticed a white ugly thing
  8565 | D:5      | Found a staircase to the Ecumenical Temple.
  8587 | Temple   | Entered the Ecumenical Temple
  8587 | Temple   | Reached ** piety under Nemelex Xobeh
  9064 | D:6      | Found Mymoybaemmus's Antique Armour Shoppe.
  9146 | D:6      | Reached skill level 1 in Axes
  9285 | D:6      | Reached skill level 8 in Shields
  9285 | D:6      | Reached XP level 9. HP: 68/75 MP: 9/9
  9544 | D:6      | Noticed Eustachio
  9553 | D:6      | Killed Eustachio
  9593 | D:6      | Gained mutation: Your spells are a little harder to cast, but a little more powerful. [potion of mutation]
  9593 | D:6      | Gained mutation: Your natural rate of healing is unusually fast. [potion of mutation]
  9593 | D:6      | Lost mutation: Your spells are a little harder to cast, but a little more powerful. [potion of mutation]
 10165 | D:7      | Killed a hill giant
 10591 | D:7      | Received a gift from Nemelex Xobeh
 10677 | D:7      | Found a burning altar of Makhleb.
 10703 | D:7      | Reached skill level 9 in Shields
 11021 | D:7      | Noticed Joseph
 11053 | D:7      | Killed Joseph
 11371 | D:7      | Found a shimmering altar of Xom.
 11527 | D:7      | Reached skill level 1 in Stealth
 12002 | D:8      | Received a gift from Nemelex Xobeh
 12098 | D:8      | Noticed Grum
 12104 | D:8      | Reached XP level 10. HP: 86/86 MP: 10/10
 12107 | D:8      | Killed Grum
 12116 | D:8      | Reached skill level 5 in Axes
 12126 | D:8      | Reached skill level 10 in Shields
 12138 | D:8      | Reached *** piety under Nemelex Xobeh
 12560 | D:8      | Found a glowing silver altar of Zin.
 13120 | D:9      | Reached skill level 10 in Armour
 13158 | D:9      | Received a gift from Nemelex Xobeh
 13214 | D:9      | Found a bloodstained altar of Trog.
 14018 | D:9      | Found an ancient bone altar of Kikubaaqudgha.
 14053 | D:9      | Reached skill level 11 in Shields
 14494 | D:10     | Entered Level 10 of the Dungeon
 14494 | D:10     | Noticed a gargoyle
 14527 | D:10     | Killed a gargoyle
 14668 | D:10     | Found a shimmering altar of Xom.
 14668 | D:10     | Noticed a hill giant
 14678 | D:10     | Killed a hill giant
 14678 | D:10     | Reached XP level 11. HP: 78/94 MP: 12/12
 14820 | D:10     | Received a gift from Nemelex Xobeh
 14835 | D:10     | Found a staircase to the Lair.
 15191 | Lair:1   | Entered Level 1 of the Lair of Beasts
 15372 | Lair:1   | Killed an unseen horror
 15378 | Lair:1   | Noticed Urug
 15401 | Lair:1   | Killed Urug
 15432 | Lair:1   | Reached **** piety under Nemelex Xobeh
 15479 | Lair:1   | HP: 4/97 [poisoned by a spiny frog]
 15486 | Lair:1   | Reached skill level 5 in Dodging
 15750 | Lair:1   | Reached skill level 12 in Shields
 15951 | Lair:1   | Received a gift from Nemelex Xobeh
 16052 | Lair:1   | Found a snail-covered altar of Cheibriados.
 16639 | Lair:1   | Noticed a four-headed hydra
 16660 | Lair:1   | Slain by an 11-headed hydra

Skill      XL: |  1  2  3  4  5  6  7  8  9 10 11 |
---------------+----------------------------------+-----
Fighting       | 4 5 6 7 8 9 |  9.2
Shields        | 4 5 6 8 9 11 12 | 12.0
Armour         | 4 5 7 8 9 10 11 | 11.3
Dodging        | 1 3 4 5 |  5.1
Long Blades    | 3 4 6 |  6.3
Evocations     | 1 2 3 |  3.0
Axes           | 1 4 7 8 |  8.4
Stealth        | 1 |  1.3

Action                   |  1- 3 |  4- 6 |  7- 9 | 10-12 || total
-------------------------+-------+-------+-------+-------++-------
Melee: Long sword        |    97 |   117 |   225 |       ||   439
       Headbutt          |    13 |    18 |   113 |   169 ||   313
       Hand axe          |       |       |   236 |   635 ||   871
Evoke: Deck              |       |     4 |    14 |    10 ||    28
       Wand              |       |       |       |     1 ||     1
  Use: Potion            |       |     4 |     3 |     4 ||    11
       Scroll            |       |     6 |    12 |     4 ||    22
  Eat: Bread ration      |     1 |       |     2 |     2 ||     5
       Chunk             |       |     6 |       |     1 ||     7
       Beef jerky        |       |     2 |       |     4 ||     6
       Meat ration       |       |       |     2 |       ||     2
       Pizza             |       |       |     2 |       ||     2
       Royal jelly       |       |       |     1 |       ||     1
       Fruit             |       |       |       |     3 ||     3
Armor: Scale mail        |    59 |    11 |       |       ||    70
       Plate armour      |       |    60 |   206 |   287 ||   553
       Skin              |       |     2 |       |       ||     2
Dodge: Dodged            |    31 |    41 |   102 |   143 ||   317
Block: Shield            |    59 |    73 |   230 |   361 ||   723
